 Dungeon Crawl Stone Soup version 0.29-a0-409-gd843f3a48c (webtiles) character file.

Game seed: 367532762754559300

76405 MordorOrchid the Thaumaturge (level 16, -11/113 HPs)
             Began as a Djinni Wanderer on May 12, 2022.
             Was an Elder of Uskayaw.
             Killed from afar by a deep elf elementalist (25 damage)
             ... with a freezing blast
             ... on level 1 of the Orcish Mines on May 13, 2022.
             The game lasted 01:40:35 (18352 turns).

MordorOrchid the Thaumaturge (Djinni Wanderer)     Turns: 18352, Time: 01:40:35

Health: -11/113    AC: 12    Str: 10    XL:     16   Next: 1%
Gold:   2272       EV: 21    Int: 19    God:    Uskayaw [****..] SH:  0 Dex: 17

rFire   + + .      SeeInvis .   a - +9 flail (protect)
rCold   x . .      Faith    .   (no shield)
rNeg    + . .      Spirit   .   F - +1 steam dragon scales
rPois   ∞          Reflect  .   (no helmet)
rElec   .          Harm     .   p - +0 cloak "Akhluet" {+Inv rPois rN+ Regen+}
rCorr   .          Rampage  .   (no gloves)
Will    +....                   (boots unavailable)
Stlth   ++........              B - amulet of regeneration
HPRegen 1.88/turn               i - +4 ring of evasion
MPRegen 0.00/turn               n - +4 ring of protection

@: death channelling, flying, studying Fighting
A: sickness immunity, fire resistance 2, cold vulnerability 1, float, innate
caster, HP casting, extra vitality 1
a: Renounce Religion, Evoke Invisibility, Stomp, Line Pass


You were on level 1 of the Orcish Mines.
You worshipped Uskayaw.
Uskayaw was aware of your devotion.
You visited 5 branches of the dungeon, and saw 21 of its levels.
You also visited: Sewer.

You collected 2308 gold pieces.
You spent 36 gold pieces at shops.

Inventory:

Hand Weapons
 a - a +9 flail of protection (weapon)
 D - a +5 whip of electrocution
 X - a +4 vorpal hand crossbow
Missiles
 q - 22 boomerangs
 u - 5 boomerangs of dispersal
 w - a silver boomerang
 y - 6 curare-tipped darts (quivered)
 z - 75 poisoned darts
 Q - 4 javelins
Armour
 b - +0 swamp dragon scales
 p - the +0 cloak "Akhluet" (worn) {+Inv rPois rN+ Regen+}
   (You found it on level 3 of the Dungeon)

   rPois:     It protects you from poison.
   rN:        It protects you from negative energy.
   +Inv:      It lets you turn invisible.
   Regen:     It increases your rate of health regeneration.
 F - +1 steam dragon scales (worn)
 O - an orb of guile
 Y - a +1 ring mail of fire resistance
Magical Staves
 H - a staff of conjuration
Jewellery
 i - a +4 ring of evasion (left hand)
 j - a ring of ice
 k - the necklace of Bloodlust {*Rage Will++ Int-3 Slay+6}
   (You found it on level 1 of the Orcish Mines)

   [amulet of nothing]

   It extends the wearer's berserk rage when killing foes.
   Int:       It affects your intelligence (-3).
   Slay:      It affects your accuracy & damage with ranged weapons and melee
   (+6).
   *Rage:     It berserks you when you make melee attacks (+50% chance).
   Will:      It greatly increases your willpower.
 n - a +4 ring of protection (right hand)
 B - an amulet of regeneration (around neck)
 J - a +6 ring of dexterity
 S - a ring of fire
Wands
 c - a wand of digging (5)
 r - a wand of iceblast (26)
 E - a wand of mindburst (2)
 P - a wand of charming (4)
 V - a wand of polymorph (6)
 W - a wand of flame (6)
Scrolls
 f - 4 scrolls of immolation
 g - 4 scrolls of noise
 h - a scroll of vulnerability
 m - 6 scrolls of poison
 o - a scroll of fog
 x - a scroll of fear {unknown}
 A - a scroll of brand weapon {unknown}
 C - 6 scrolls of teleportation
 G - 2 scrolls of enchant weapon
 K - 2 scrolls of blinking
 M - a scroll of amnesia {unknown}
 N - 2 scrolls of silence
Potions
 d - 4 potions of heal wounds
 e - 4 potions of lignification
 l - 2 potions of mutation
 s - 3 potions of ambrosia
 t - 4 potions of berserk rage
 v - 10 potions of curing
 I - a potion of resistance {unknown}
 R - 3 potions of attraction {unknown}
 T - 2 potions of flight {unknown}
 U - a potion of brilliance {unknown}


   Skills:
 * Level 9.9 Fighting
 + Level 8.5 Maces & Flails
 - Level 1.0(5.9) Staves
 - Level 6.2 Armour
 * Level 9.2 Dodging
 - Level 3.0 Stealth
 * Level 14.5 Spellcasting
 * Level 8.5 Invocations
 * Level 5.7 Evocations


You had 19 spell levels left.
You knew the following spells:

 Your Spells              Type           Power      Damage    Failure   Level
a - Sting                 Tmut/Pois      100%       1d8       0%          1
b - Airstrike             Air            31%        N/A       1%          4
c - Gell's Gravitas       Tloc           62%        N/A       1%          3
d - Cause Fear            Hex            31%        N/A       1%          4
e - Corpse Rot            Necr/Air       100%       N/A       1%          2
f - Fireball              Conj/Fire      31%        3d13      1%          5
V - Death Channel         Necr           31%        N/A       1%          6
Your spell library was empty.

Dungeon Overview and Level Annotations

Branches:
Dungeon (11/15)            Temple (1/1) D:7            Lair (6/6) D:11
  Swamp (1/4) Lair:4       Spider (0/4) Lair:4        Slime (0/5) Lair:6
    Orc (2/2) D:11            Elf (0/3) Orc:2         Sewer (visited)

Altars:
Ashenzari
Cheibriados
Dithmenos
Elyvilon
Fedhas
Gozag
Hepliaklqana
Kikubaaqudgha
Makhleb
Nemelex Xobeh
Okawaru
Qazlal
Ru
Sif Muna
Trog
Uskayaw
Vehumet
Wu Jian
Xom
Yredelemnul
Zin
The Shining One
Beogh
Jiyva

Shops:
Orc:2 ([=*

Annotations:
D:3 Pargi
D:10 1 runed translucent door, Zero's ghost, journeyman DrIE
Orc:1 1 transporter


Innate Abilities, Weirdness & Mutations

You are immune to sickness and miasma.
You are immune to poison.
Your flesh is very heat resistant. (rF++)
You are vulnerable to cold. (rC-)
You float through the air rather than walking.
You learn spells naturally, not from books.
Your magical power is your life essence.
You have superior vitality. (+4 MHP)


Message History

Unknown command.
Casting: Airstrike (safe; 1% risk of failure)
Confirm with . or Enter, or press ? or * to list all spells.
Aiming: Airstrike (safe; 1% risk of failure)
Press: ? - help, Dir - move target, f - earth elemental, p - ogre mage
Aim: an earth elemental (summoned, empty space bonus: 6/8)
Okay, then.
Unknown command.
Unknown command.
What are your orders? t - Shout!
Orders for allies: a - Attack new target. p - Attack previous target. r - Retreat! s - Stop attacking. g - Guard the area. f - Follow me.
Anything else - Cancel.
Gang up on whom?
Press: ? - help, Dir - move target, f - deep elf elementalist, p - ogre mage
Aim: a deep elf elementalist, wielding a +0 rapier and wearing a +0 leather armour (fast, repelling missiles, fire blocked by a translucent stone wall) There's something in the way.
Okay, then.
Unknown command.
Unknown command.
Unknown command.
You are engulfed in freezing vapours.
You feel a little less mighty now.
Your unholy channel expires.
Your spectral moth of wrath fades into mist!
Your spectral orc knight fades into mist!
Your spectral troll fades into mist!
Your spectral ettin fades into mist!
Your spectral troll fades into mist! x2
Unknown command.
Unknown command.
Casting: Airstrike (safe; 1% risk of failure)
Confirm with . or Enter, or press ? or * to list all spells.
Malign forces permeate your being, awaiting release.
You are engulfed in freezing vapours.
* * * LOW HITPOINT WARNING * * *
The deep elf elementalist is engulfed in freezing vapours.
The deep elf elementalist points at you and mumbles some strange words.
The freezing blast engulfs you!!
You feel a terrible chill!
You die...

#.......# ####
###.©.### #.#####y#
##.########
##..'.©.'..##
##...'.÷.'...##
###..).#...#....##
#°#..#########..#○
###..#y##@##y#..###
#y#..####°####E.#y#
#
#e#...$$○§°Oe...#e#
##
#e#.Ee.☼e○☼○Ee....#
##.
#e#..E..$??.E⌠..#.#
#..
#e..........).....#
#...
###.........[...###
##.#
############### ##
#y#○#######○#y#


You could see 2 deep elf elementalists, an ogre mage, a deep elf demonologist, a
moth of wrath, 4 earth elementals and a deep elf zephyrmancer.

Vanquished Creatures
  3 orc warlords
  A bunyip (Swamp:1)
  An ettin (Orc:1)
  Josephine (Lair:5)
  2 boulder beetles (Lair:1)
  3 hydras
  3 catoblepae (Lair:6)
  An alligator (Swamp:1)
  2 two-headed ogres
  6 death yaks
  Urug (Lair:4)
  5 orc high priests
  A fire crab (Lair:6)
  A bog body (Lair:1)
  4 orc knights
  A deep elf pyromancer (Orc:1)
  An ugly thing (D:9)
  2 manticores (Lair:6)
  A moth of wrath (Orc:1)
  8 orc sorcerers
  3 oklob plants (Lair:5)
  A cyclops (D:11)
  18 elephants
  Maggie (Lair:1)
  2 black mambas
  7 cane toads
  3 rime drakes
  A freezing wraith (Lair:1)
  8 komodo dragons
  An ice devil (Lair:1)
  A silent spectre (Orc:1)
  4 polar bears
  8 trolls
  Grinder (D:6)
  16 dream sheep
  A hornet (D:6)
  17 blink frogs
  A slime creature (D:9)
  A shadow (D:11)
  A vampire (D:11)
  6 wraiths
  8 wyverns
  60 yaks
  Eustachio (D:5)
  6 basilisks
  Grum (D:11)
  2 steam dragons
  2 wargs
  Edmund (D:4)
  2 swamp worms (Swamp:1)
  9 water moccasins
  A floating eye (Lair:5)
  An ice beast (D:5)
  3 black bears
  24 orc warriors
  A sky beast (D:6)
  8 ogres
  14 wolves
  2 centaurs
  3 phantoms
  6 kobold brigands
  12 bullfrogs
  A two-headed ogre simulacrum (Lair:1)
  4 scorpions
  10 wights
  2 troll zombies (D:11)
  16 killer bees
  A howler monkey (D:8)
  An electric eel (Lair:4)
  A crimson imp (D:10)
  7 hounds
  2 gnoll shamans (D:6)
  6 orc priests
  4 iguanas
  8 orc wizards
  2 spriggan simulacra (Lair:1)
  4 ogre zombies (D:11)
  7 gnolls (D:6)
  7 adders
  A shadow imp (D:5)
  2 white imps
  An ufetubus (D:4)
  A worm (D:4)
  A dart slug (D:1)
  47 orcs
  6 bats
  4 endoplasms
  8 giant cockroaches
  4 goblins
  6 hobgoblins
  9 jackals
  4 quokkas
  5 ball pythons
  10 frilled lizards
  3 hobgoblin skeletons (D:11)
  5 hobgoblin zombies (D:11)
  23 kobolds
  3 orc skeletons (D:11)
  8 orc zombies (D:11)
  5 rats
  2 bushes (Lair:5)
  2 butterflies (Lair:2)
560 creatures vanquished.

Vanquished Creatures (collateral kills)
  A two-headed ogre (Orc:1)
  An orc knight (Orc:1)
  A moth of wrath (Orc:1)
  2 elephants (Lair:6)
  8 trolls
  2 wargs (Orc:2)
  7 orc warriors
  2 ogres
  An orc priest (Orc:2)
  2 orc wizards
  10 orcs
37 creatures vanquished.

Vanquished Creatures (others)
  A cyclops (Orc:1)
  62 fungi
  50 plants
113 creatures vanquished.

Grand Total: 710 creatures vanquished

Notes
Turn   | Place    | Note
-------+----------+-------------------------------------------
     0 | D:1      | MordorOrchid the Djinni Wanderer began the quest for the
                  | Orb.
     0 | D:1      | Reached XP level 1. HP: 18/18 MP: 0/0
   155 | D:1      | Reached XP level 2. HP: 17/23 MP: 0/0
   376 | D:1      | Reached skill level 2 in Spellcasting
   702 | D:2      | Reached XP level 3. HP: 28/28 MP: 0/0
   702 | D:2      | Learned a level 1 spell: Sting
   971 | D:2      | Found an ornate altar of the Wu Jian Council.
  1280 | D:2      | Found a faded altar of an unknown god.
  1344 | D:3      | Identified the +0 cloak "Akhluet" {+Inv rPois rN+ Regen+}
  1596 | D:3      | Reached XP level 4. HP: 33/33 MP: 0/0
  1918 | D:3      | Noticed Pargi
  1992 | D:3      | Reached skill level 1 in Armour
  1992 | D:3      | Reached skill level 3 in Spellcasting
  2369 | D:4      | Noticed a scorpion
  2374 | D:4      | Noticed an ogre
  2378 | D:4      | Killed a scorpion
  2379 | D:4      | Reached XP level 5. HP: 38/38 MP: 0/0
  2379 | D:4      | Learned a level 2 spell: Corpse Rot
  2642 | D:4      | Noticed Edmund
  2825 | D:5      | Entered Level 5 of the Dungeon
  2877 | D:5      | Reached XP level 6. HP: 39/43 MP: 0/0
  2888 | D:5      | Reached skill level 4 in Spellcasting
  2941 | D:5      | Noticed an ogre
  2975 | D:5      | Killed an ogre
  2976 | D:5      | Reached XP level 7. HP: 49/49 MP: 0/0
  2976 | D:5      | Learned a level 3 spell: Gell's Gravitas
  3120 | D:5      | Reached skill level 5 in Spellcasting
  3208 | D:5      | Noticed Eustachio
  3302 | D:5      | Killed Eustachio
  3400 | D:5      | Reached XP level 8. HP: 53/55 MP: 0/0
  4029 | D:5      | Reached skill level 6 in Spellcasting
  4392 | D:4      | Killed Edmund
  4509 | D:6      | Found a glowing drain.
  4529 | Sewer    | Entered a sewer
  4699 | Sewer    | Reached skill level 1 in Maces & Flails
  4699 | Sewer    | Reached XP level 9. HP: 61/61 MP: 0/0
  4699 | Sewer    | Learned a level 4 spell: Cause Fear
  4913 | D:6      | Found a glowing silver altar of Zin.
  4913 | D:6      | Found a basalt altar of Yredelemnul.
  4921 | D:6      | Found a snail-covered altar of Cheibriados.
  5219 | D:6      | Found a glowing golden altar of the Shining One.
  5285 | D:6      | Noticed a hornet
  5292 | D:6      | Killed a hornet
  5441 | D:6      | Reached skill level 7 in Spellcasting
  5501 | D:6      | Noticed Grinder
  5519 | D:6      | Paralysed by Grinder for 2 turns
  5522 | D:6      | Killed Grinder
  5523 | D:6      | Reached skill level 5 in Armour
  5672 | D:7      | Reached skill level 5 in Fighting
  5672 | D:7      | Reached XP level 10. HP: 70/70 MP: 0/0
  5922 | D:7      | Found a staircase to the Ecumenical Temple.
  5958 | Temple   | Entered the Ecumenical Temple
  6012 | Temple   | Became a worshipper of Uskayaw the Reveller
  6153 | D:7      | Reached * piety under Uskayaw
  6154 | D:7      | Reached ** piety under Uskayaw
  6159 | D:7      | Reached *** piety under Uskayaw
  6420 | D:8      | Found a hazy altar of Hepliaklqana.
  7248 | D:9      | Found a blossoming altar of Fedhas.
  7276 | D:9      | Reached **** piety under Uskayaw
  7285 | D:9      | Reached ***** piety under Uskayaw
  7292 | D:8      | Found a bloodstained altar of Trog.
  7292 | D:8      | Found an ornate altar of the Wu Jian Council.
  7292 | D:8      | Found a burning altar of Makhleb.
  7366 | D:9      | Reached skill level 5 in Maces & Flails
  7366 | D:9      | Reached skill level 8 in Spellcasting
  7482 | D:9      | Noticed a red ugly thing
  7591 | D:9      | Killed a red ugly thing
  7592 | D:9      | Reached XP level 11. HP: 54/76 MP: 0/0
  7592 | D:9      | Learned a level 4 spell: Airstrike
  7980 | D:10     | Entered Level 10 of the Dungeon
  8436 | D:10     | Found a runed translucent door.
  8438 | D:10     | Noticed Zero's ghost (journeyman DrIE)
  8610 | D:10     | Noticed a two-headed ogre
  8785 | D:10     | Found a stormy altar of Qazlal.
  8818 | D:10     | Killed a two-headed ogre
  8970 | D:11     | Found a white marble altar of Elyvilon.
  9193 | D:11     | Noticed a cyclops
  9214 | D:11     | Killed a cyclops
  9272 | D:11     | Found a staircase to the Lair.
  9353 | D:11     | Found a staircase to the Orcish Mines.
  9436 | D:11     | Noticed Grum
  9465 | D:11     | Killed Grum
  9813 | Lair:1   | Entered Level 1 of the Lair of Beasts
  9847 | Lair:1   | Noticed Maggie
  9882 | Lair:1   | Found a hide-covered altar of Uskayaw.
  9882 | Lair:1   | Found an ornate altar of the Wu Jian Council.
  9882 | Lair:1   | Noticed a boulder beetle
  9902 | Lair:1   | Killed Maggie
  9903 | Lair:1   | Reached skill level 9 in Spellcasting
 10039 | Lair:1   | Killed a boulder beetle
 10114 | Lair:1   | Reached skill level 5 in Dodging
 10114 | Lair:1   | Reached XP level 12. HP: 84/84 MP: 0/0
 10141 | Lair:1   | Reached ****** piety under Uskayaw
 10162 | Lair:1   | Noticed a boulder beetle
 10189 | Lair:1   | Killed a boulder beetle
 10409 | Lair:1   | Noticed a death yak
 10479 | Lair:1   | Killed a death yak
 10480 | Lair:1   | Reached skill level 5 in Evocations
 11008 | Lair:1   | Reached skill level 5 in Invocations
 11496 | Lair:2   | Reached skill level 10 in Spellcasting
 11838 | Lair:2   | Noticed a four-headed hydra
 11845 | Lair:2   | Killed a four-headed hydra
 12323 | Lair:3   | Reached XP level 13. HP: 83/92 MP: 0/0
 12323 | Lair:3   | Learned a level 5 spell: Fireball
 12761 | Lair:3   | Reached skill level 11 in Spellcasting
 13015 | Lair:4   | Noticed an eight-headed hydra
 13144 | Lair:4   | Killed an eight-headed hydra
 13367 | Lair:4   | Reached XP level 14. HP: 68/99 MP: 0/0
 13453 | Lair:4   | Identified the +1 great sword "Oggin" {pain, rPois Int-4
                  | Stlth+}
 13527 | Lair:4   | Found a hole to the Spider Nest.
 13558 | Lair:4   | Noticed Urug
 13588 | Lair:4   | Killed Urug
 13811 | Lair:4   | Found a staircase to the Swamp.
 14027 | Lair:5   | Reached skill level 12 in Spellcasting
 14263 | Lair:5   | Noticed Josephine
 14342 | Lair:5   | Killed Josephine
 15060 | Lair:6   | Entered Level 6 of the Lair of Beasts
 15929 | Lair:6   | Reached skill level 13 in Spellcasting
 16066 | Lair:6   | Found a staircase to the Slime Pits.
 16067 | Lair:6   | Found a viscous altar of Jiyva.
 16077 | Lair:6   | Reached XP level 15. HP: 98/105 MP: 0/0
 16077 | Lair:6   | Learned a level 6 spell: Death Channel
 16829 | Lair:6   | Upgraded the game from 0.29-a0-397-g846e4a0bbc to
                  | 0.29-a0-409-gd843f3a48c
 16970 | Swamp:1  | Entered Level 1 of the Swamp
 17137 | Orc:1    | Entered Level 1 of the Orcish Mines
 17310 | Orc:1    | Found a bloodstained altar of Trog.
 17310 | Orc:1    | Found the necklace of Bloodlust {*Rage Will++ Int-3 Slay+6}
 17427 | Orc:2    | Entered Level 2 of the Orcish Mines
 17427 | Orc:2    | Found Xavagegh's Jewellery Boutique.
 17564 | Orc:2    | Noticed an orc warlord
 17570 | Orc:2    | Reached skill level 14 in Spellcasting
 17623 | Orc:2    | Killed an orc warlord
 17692 | Orc:2    | Found Foujoph's Antique Armour Shoppe.
 17740 | Orc:2    | Found a staircase to the Elven Halls.
 17819 | Orc:2    | Found Doagg's General Store.
 17838 | Orc:2    | Bought 6 curare-tipped darts for 36 gold pieces
 17925 | Orc:2    | Noticed an orc warlord
 17941 | Orc:2    | Killed an orc warlord
 17958 | Orc:2    | Found Pagyorph's Antique Weapon Boutique.
 18065 | Orc:1    | Noticed an orc warlord
 18112 | Orc:1    | Killed an orc warlord
 18222 | Orc:1    | Found a transporter.
 18273 | Orc:1    | Found a transporter.
 18273 | Orc:1    | Found a runed translucent door.
 18306 | Orc:1    | Noticed a deep elf elementalist
 18320 | Orc:1    | Noticed a deep elf elementalist
 18344 | Orc:1    | Reached XP level 16. HP: 48/113 MP: 0/0
 18352 | Orc:1    | Killed from afar by a deep elf elementalist

Illustrated notes

Levels and vault maps discovered:
D:1:      scummos_arrival_gate, layout_rooms, st_stairs_3
D:2:      layout_loops_ring, chequers_ecumenical_altar_lobes, basic_altar,
          ebering_dispersal_statue_hall
D:3:      layout_loops_corners, minmay_lizard_king, uniq_pargi
D:4:      layout_cave_pools, kennysheep_nub, uniq_edmund
D:5:      layout_basic, mainiacjoe_overflow_boulevard, due_unseen_surprise,
          uniq_eustachio
D:6:      layout_loops_corners, nicolae_tso_carved_into_rock,
          grunt_temple_overflow_cloverleaf, portal_sewer_entry_f, uniq_grinder
D:7:      layout_basic, minmay_temple_entry_wispy
D:8:      layout_gridville, nicolae_overflow_hidden_temple
D:9:      layout_cave_pools, fedhas_bush_and_centaur_altar,
          kennysheep_just_a_vault
D:10:     layout_loops_ring, mainiacjoe_overflow_surrounded_room,
          ebering_ghost_reflecting_pool, minmay_fire_ice_demons
D:11:     layout_irregular_city, lair_entry_dummy, zombieorc1_lemuel,
          elyvilon_altar_4, uniq_grum
Temple:   jpeg_temple_alley_garden
Lair:1:   dreamdust_isle_of_ice, layout_misc_corridors,
          nzn_masters_of_martial_movement, lemuel_fruit_fields,
          grunt_megastairs_4, lemuel_fruit_fields, infiniplex_staircase_pool_2,
          uniq_maggie
Lair:2:   layout_concentric_octagons, lemuel_fruit_fields
Lair:3:   layout_gridlike, kennysheep_basilisk_garden
Lair:4:   layout_regular_city, swamp_mist_pool, spider_nest_entry_web_field,
          uniq_urug
Lair:5:   layout_regular_city, disabler_island, grunt_megastairs_2,
          uniq_josephine
Lair:6:   evilmike_catoblepas_cave, layout_layer_cave, slime_altar_1,
          nicolae_quartered_pool_impasse
Swamp:1:  layout_falls_marsh, gammafunk_ghost_split, hangedman_swamp_diagram
Orc:1:    emtedronai_trogs_sanctum, layout_diamond_mine
Orc:2:    grunt_orc_gardens, layout_diamond_mine, grunt_orc_garden,
          grunt_orc_garden, grunt_orc_garden, grunt_orc_garden,
          kennysheep_orc_chapel

Skill      XL: |  1  2  3  4  5  6  7  8  9 10 11 12 13 14 15 |
---------------+----------------------------------------------+-----
Spellcasting   | 2 3 4 5 6 7 8 9 10 11 13 14 | 14.5
Armour         | 1 2 3 4 5 6 |  6.2
Fighting       | 3 5 6 7 8 9 |  9.9
Maces & Flails | 1 4 5 6 7 8 |  8.5
Invocations    | 2 4 5 6 7 8 |  8.5
Dodging        | 3 5 6 7 8 9 |  9.2
Evocations     | 3 4 5 |  5.7
Stealth        | 3 |  3.0
Staves         | |  1.0

Action                   |  1- 3 |  4- 6 |  7- 9 | 10-12 | 13-15 | 16-18 || total
-------------------------+-------+-------+-------+-------+-------+-------++-------
Melee: Quarterstaff      |    84 |    41 |    65 |       |       |       ||   190
       Flail             |       |       |   204 |   443 |   535 |       ||  1182
       Punch             |       |       |     1 |     3 |    10 |       ||    14
Throw: Dart              |     2 |    13 |     9 |     1 |     7 |       ||    32
       Boomerang         |       |       |    10 |    26 |     9 |       ||    45
 Cast: Sting             |    11 |    41 |   139 |    89 |    59 |       ||   339
       Gell's Gravitas   |       |       |     1 |       |       |       ||     1
       Cause Fear        |       |       |       |     4 |     5 |       ||     9
       Airstrike         |       |       |       |   130 |   287 |     3 ||   420
       Corpse Rot        |       |       |       |     1 |       |       ||     1
       Fireball          |       |       |       |       |   106 |       ||   106
       Death Channel     |       |       |       |       |    18 |     1 ||    19
Invok: Grand Finale      |       |       |       |       |     2 |       ||     2
Evoke: Wand              |       |       |       |    10 |     3 |       ||    13
  Use: Scroll            |     5 |       |    12 |     8 |     4 |       ||    29
       Potion            |       |       |     1 |     4 |     2 |     1 ||     8
 Stab: Sleeping          |     3 |       |       |     1 |       |       ||     4
       Paralysed         |       |       |       |    27 |    45 |       ||    72
       Distracted        |       |       |       |     1 |       |       ||     1
Armor: Leather armour    |    16 |    19 |   184 |    17 |       |       ||   236
       Steam dragon scal |       |       |       |   167 |   193 |       ||   360
Dodge: Dodged            |    68 |    38 |   373 |   449 |   510 |       ||  1438

Table legend: (Time is in decaauts)
 A = Elapsed time spent in this place.
 B = Non-inter-level travel time spent in this place.
 C = Inter-level travel time spent in this place.
 D = Time resting spent in this place.
 E = Time spent auto-exploring this place.
 F = Levels seen in this place.
 G = Mean time per level.
                   A        B        C        D        E       F      G
               +--------+--------+--------+--------+--------+-----+--------+
         Total |  18540 |  17475 |   1065 |    619 |  10657 |  22 |  842.7 |
       Dungeon |   9589 |   9039 |    550 |    203 |   6337 |  11 |  871.7 |
        Temple |     95 |     54 |     41 |      0 |     30 |   1 |   95.0 |
          Lair |   7323 |   6915 |    408 |    374 |   4209 |   6 | 1220.5 |
         Swamp |     13 |     13 |      0 |      0 |      0 |   1 |   13.0 |
  Orcish Mines |   1200 |   1136 |     64 |     42 |      0 |   2 |  600.0 |
         Sewer |    317 |    317 |      0 |      0 |     81 |   1 |  317.0 |
               +--------+--------+--------+--------+--------+-----+--------+

Top non-repeatable levels by time:
  Lair:6: 1863 daAuts
  Lair:1: 1454 daAuts
     D:5: 1269 daAuts
  Lair:5: 1065 daAuts
     D:3: 1065 daAuts
  Lair:4: 1056 daAuts
  Lair:2: 1011 daAuts
    D:10: 939 daAuts
    D:11: 931 daAuts
     D:6: 908 daAuts
  Lair:3: 870 daAuts
     D:4: 838 daAuts
     D:8: 777 daAuts
     D:9: 768 daAuts
     D:7: 749 daAuts
